 Dungeon Crawl Stone Soup version 0.31-a0-1074-g0b22e4e0f1 (webtiles) character file.

Game seed: 10642997757854992211

8172 bmb222 the Cleaver (level 11, -7/83 HPs)
             Began as a Demonspawn Gladiator on Nov 29, 2023.
             Was a Priest of Okawaru.
             Mangled by Saint Roka
             ... wielding a +0 great mace
              (19 damage)
             ... on level 2 of the Orcish Mines.
             The game lasted 00:18:06 (8330 turns).

bmb222 the Cleaver (Demonspawn Gladiator)           Turns: 8330, Time: 00:18:07

Health: -7/83      AC: 18    Str: 18    XL:     11   Next: 6%
Magic:  0/13       EV: 16    Int: 10    God:    Okawaru [***...]
Gold:   404        SH:  0    Dex: 15    Spells: 10/10 levels left

rFire   . . .        w - +1 battleaxe (venom)
rCold   . . .        (shield currently unavailable)
rNeg    . . .        Q - +3 scale mail {rPois}
rPois   +            c - +0 helmet
rElec   .            J - +2 cloak of the Thief {*Fog Slay-2 SInv Stlth+}
rCorr   .            (no gloves)
SInv    +            o - +0 pair of boots
Will    .....        r - amulet of regeneration
Stlth   +            u - +5 ring of evasion
HPRegen 1.13/turn    y - +4 ring of slaying
MPRegen 0.26/turn

%: guardian spirit
@: no status effects
A: claws 2, slimy green scales 1, foul stench 2, magic shield, magic
regeneration
a: Renounce Religion, Heroism


You were on level 2 of the Orcish Mines.
You worshipped Okawaru.
Okawaru was most pleased with you.
You visited 3 branches of the dungeon, and saw 12 of its levels.
You also visited: Sewer.

You collected 404 gold pieces.

Inventory:

Hand Weapons
 a - a +0 war axe
 w - a +1 battleaxe of venom (weapon)
Missiles
 d - 2 throwing nets
 e - 7 javelins
 q - 23 poisoned darts (quivered)
Armour
 b - a +0 leather armour
 c - a +0 helmet (worn)
 n - a +0 ring mail
 o - a +0 pair of boots (worn)
 J - the +2 cloak of the Thief (worn) {*Fog Slay-2 SInv Stlth+}
   (You found it on level 5 of the Dungeon)

   *Fog:      It may release a thick cloud of smoke when the wearer is hurt.
   Slay-2:    It affects your accuracy & damage with ranged weapons and melee
   (-2).
   SInv:      It lets you see invisible.
   Stlth+:    It makes you more stealthy.
 Q - a +3 scale mail of poison resistance (worn)
Jewellery
 r - an amulet of regeneration (around neck)
 u - a +5 ring of evasion (left claw)
 y - a +4 ring of slaying (right claw)
 C - a +5 ring of evasion
 I - a +5 ring of evasion
 M - a ring of willpower
Talismans
 j - a beast talisman
Wands
 B - a wand of mindburst (3)
 O - a wand of charming (5)
Scrolls
 f - a scroll of immolation
 h - a scroll of vulnerability
 l - 3 scrolls of enchant weapon
 m - 5 scrolls of teleportation
 t - a scroll of torment
 D - 3 scrolls of fear
Potions
 g - 2 potions of enlightenment
 i - a potion of curing {unknown}
 k - a potion of magic {unknown}
 p - 2 potions of attraction
 v - 3 potions of brilliance
 x - a potion of cancellation {unknown}
 z - a potion of invisibility {unknown}
 A - 4 potions of mutation
 G - a potion of might {unknown}
 H - a potion of lignification {unknown}
 L - a potion of degeneration {unknown}
 P - a potion of haste {unknown}


   Skills:
 * Level 6.5 Fighting
 * Level 12.1 Axes
 * Level 3.5 Throwing
 * Level 6.3 Armour
 - Level 4.7 Dodging
 * Level 3.3 Invocations
 + Level 0.4 Evocations


You had 10 spell levels left.
You didn't know any spells.
Your spell library contained the following spells:

 Spells                   Type           Power      Damage    Failure   Level
 Freeze                   Ice            0%         1d3       71%         1
 Magic Dart               Conj           0%         1d3       71%         1
 Necrotise                Necr           0%         1d4       71%         1
 Slow                     Hex            0%         N/A       71%         1
 Scorch                   Fire           0%         2d5       85%         2
 Searing Ray              Conj           0%         2d4       85%         2
 Wereblood                Tmut           0%         N/A       85%         2
 Confusing Touch          Hex            0%         N/A       97%         3
 Dazzling Flash           Conj/Hex       0%         N/A       97%         3
 Frozen Ramparts          Ice            0%         1d1       97%         3
 Hailstorm                Conj/Ice       0%         3d3       97%         3
 Sigil of Binding         Hex            0%         N/A       97%         3
 Vampiric Draining        Necr           0%         2d6       97%         3
 Flame Wave               Conj/Fire      0%         2d4       100%        4
 Fulminant Prism          Conj/Hex       0%         3d5       100%        4
 Agony                    Necr           0%         N/A       100%        5
 Irradiate                Conj/Tmut      0%         3d11      100%        5
 Silence                  Hex/Air        0%         N/A       100%        5
 Summon Cactus Giant      Summ           Unusable   N/A       N/A         6

Dungeon Overview and Level Annotations

Branches:
Dungeon (9/15)             Temple (1/1) D:6             Orc (1/2) D:9
    Elf (0/3) Orc:2         Sewer (visited)
   Lair: D:8-11

Altars:
Ashenzari
Cheibriados
Dithmenos
Gozag
Hepliaklqana
Kikubaaqudgha
Makhleb
Nemelex Xobeh
Okawaru
Ru
Trog
Uskayaw
Vehumet
Wu Jian
Xom
Yredelemnul

Shops:
D:4 :

Annotations:
Orc:2 Saint Roka


Innate Abilities, Weirdness & Mutations

You have very sharp fingernails.
You are partially covered in slimy green scales. (AC +2)
You sometimes emit foul miasma when damaged in melee.
When hurt, damage is shared between your health and your magic reserves.
You regenerate magic rapidly.


Message History

With a swish of your cloak, you release a cloud of fog.
You feel much better.
You feel like a meek peon again.
Saint Roka hits you with a +0 great mace.
You feel much better.
Saint Roka mumbles some strange prayers to Beogh against you.
Beogh smites you!
With a swish of your cloak, you release a cloud of fog.
You slash Saint Roka!
Saint Roka is heavily wounded.
Saint Roka hits you with a +0 great mace!!
With a swish of your cloak, you release a cloud of fog.
You closely miss Saint Roka.
Saint Roka is heavily wounded.
Saint Roka mumbles some strange prayers to Beogh against you.
Beogh smites you!
You completely miss Saint Roka.
Saint Roka is heavily wounded.
The orc wizard casts a spell at you. The puff of flame misses you.
Saint Roka invokes the aid of Beogh against you.
Beogh smites you!
Saint Roka roars a battlecry!
The orc wizard goes into a battle-frenzy!
Okay, then.
You hit Saint Roka.
Saint Roka looks as sick as possible!
Saint Roka is heavily wounded.
You hit the orc wizard.
The orc wizard hits you but does no damage.
Saint Roka hits you with a +0 great mace!!
* * * LOW HITPOINT WARNING * * *
With a swish of your cloak, you release a cloud of fog.
You barely miss Saint Roka.
Saint Roka is heavily wounded.
You slash the orc wizard!
You kill the orc wizard!
Okawaru accepts your kill.
Saint Roka hits you with a +0 great mace!!
You die...
Saint Roka roars, "Praise to Beogh!"

####.## .## #..........
.........# ##.... ..###
. ##.#..##....#..
#......o.......
#....).§....... ###
#§§##§...... ##.###
##§§@§..)...
#....####..o§§§§....
###....##.#§§.§§.....
##.#.......§#§#§......
#.....#......#........
#.....................
##.#..................
#####................>..
##.##................


You could see Saint Roka (extremely poisoned).

Vanquished Creatures
  A centaur warrior (D:8)
  A cyclops (Orc:1)
  A meliai (D:7)
  A troll (D:8)
  11 yaks
  A shadow (D:9)
  A vampire mosquito (D:8)
  5 steam dragons
  3 water moccasins
  10 orc warriors
  2 ogres
  4 black bears
  2 ice beasts
  3 centaurs
  A phantom (D:5)
  A kobold brigand (D:7)
  A bullfrog (D:6)
  4 scorpions
  5 wights (D:6)
  4 electric eels (D:9)
  4 howler monkeys
  5 jellies
  12 orc priests
  A gnoll bouda (D:5)
  A sleepcap (D:5)
  An iguana (D:5)
  10 orc wizards
  3 gnolls (D:5)
  5 adders
  A shadow imp (D:6)
  2 ufetubi (D:6)
  4 worms
  A dart slug (D:4)
  37 orcs
  6 endoplasms
  4 giant cockroaches
  11 goblins
  6 hobgoblins
  6 jackals
  12 kobolds
  3 quokkas
  3 ball pythons
  4 bats
  5 frilled lizards
  4 rats
213 creatures vanquished.

Vanquished Creatures (others)
  A sky beast (D:7)
1 creature vanquished.

Grand Total: 214 creatures vanquished

Notes
Turn   | Place    | Note
-------+----------+-------------------------------------------
     0 | D:1      | bmb222 the Demonspawn Gladiator began the quest for the
                  | Orb.
     0 | D:1      | Reached XP level 1. HP: 16/16 MP: 1/1
   100 | D:1      | Gained mutation: You have sharp fingernails. [demonic
                  | ancestry]
   100 | D:1      | Reached XP level 2. HP: 18/22 MP: 2/2
   292 | D:1      | Reached skill level 3 in Axes
   594 | D:1      | Reached XP level 3. HP: 24/27 MP: 3/3
  1029 | D:2      | Found an ancient bone altar of Kikubaaqudgha.
  1061 | D:2      | Reached skill level 1 in Armour
  1119 | D:2      | Reached XP level 4. HP: 34/34 MP: 4/4
  1943 | D:3      | Identified the +1 ring mail of the Mind {rN+}
  2446 | D:4      | Found Pymiesok's Book Shoppe.
  2502 | D:4      | Identified the +3 ring mail of Fashionability {rN+ Str-3
                  | SInv}
  2722 | D:4      | Reached skill level 4 in Axes
  2726 | D:4      | Gained mutation: You may rarely emit foul miasma when
                  | damaged in melee. [demonic ancestry]
  2726 | D:4      | Reached XP level 5. HP: 26/39 MP: 5/5
  2943 | D:5      | Entered Level 5 of the Dungeon
  3030 | D:5      | Noticed an ogre
  3036 | D:5      | Killed an ogre
  3037 | D:5      | Reached skill level 5 in Axes
  3037 | D:5      | Gained mutation: You regenerate magic rapidly. [demonic
                  | ancestry]
  3037 | D:5      | Reached XP level 6. HP: 47/47 MP: 6/6
  3091 | D:5      | Reached skill level 6 in Axes
  3091 | D:5      | Gained mutation: You are partially covered in slimy green
                  | scales. (AC +2) [demonic ancestry]
  3091 | D:5      | Reached XP level 7. HP: 47/52 MP: 7/7
  3108 | D:5      | Found a glowing drain.
  3128 | Sewer    | Entered a sewer
  3362 | D:5      | Found the +2 cloak of the Thief {*Fog Slay-2 SInv Stlth+}
  3416 | D:5      | Reached skill level 7 in Axes
  3579 | D:5      | Noticed a steam dragon
  3581 | D:5      | Noticed a steam dragon
  3869 | D:5      | Killed a steam dragon
  3870 | D:5      | Gained mutation: When hurt, damage is shared between your
                  | health and your magic reserves. [demonic ancestry]
  3870 | D:5      | Reached XP level 8. HP: 43/58 MP: 8/8
  4200 | D:6      | Reached skill level 8 in Axes
  4643 | D:6      | Reached XP level 9. HP: 62/64 MP: 9/9
  4646 | D:6      | Reached skill level 9 in Axes
  4727 | D:6      | Found a staircase to the Ecumenical Temple.
  4742 | Temple   | Entered the Ecumenical Temple
  4916 | Temple   | Became a worshipper of Warmaster Okawaru
  5085 | D:6      | Found a sacrificial altar of Ru.
  5237 | D:6      | Found an ornate altar of the Wu Jian Council.
  5314 | D:7      | Found a basalt altar of Yredelemnul.
  5584 | D:7      | Found a snail-covered altar of Cheibriados.
  5783 | D:8      | Reached skill level 5 in Fighting
  5789 | D:8      | Reached * piety under Okawaru
  5790 | D:8      | Reached skill level 10 in Axes
  5810 | D:8      | Reached skill level 5 in Armour
  5847 | D:8      | Noticed a centaur warrior
  5859 | D:8      | Noticed a troll
  5862 | D:8      | Killed a centaur warrior
  5862 | D:8      | Reached ** piety under Okawaru
  5863 | D:8      | Gained mutation: You have very sharp fingernails. [demonic
                  | ancestry]
  5863 | D:8      | Reached XP level 10. HP: 41/74 MP: 5/10
  5980 | D:7      | Reached skill level 11 in Axes
  6629 | D:8      | Found an opulent altar of Gozag.
  6637 | D:8      | Reached skill level 1 in Invocations
  6692 | D:8      | Found a bloodstained altar of Trog.
  7330 | D:9      | Reached *** piety under Okawaru
  7794 | D:9      | Reached skill level 12 in Axes
  7929 | D:9      | Found a staircase to the Orcish Mines.
  7989 | Orc:1    | Entered Level 1 of the Orcish Mines
  7989 | Orc:1    | Noticed a cyclops
  8002 | Orc:1    | Killed a cyclops
  8002 | Orc:1    | Reached **** piety under Okawaru
  8003 | Orc:1    | Gained mutation: You sometimes emit foul miasma when
                  | damaged in melee. [demonic ancestry]
  8003 | Orc:1    | Reached XP level 11. HP: 83/83 MP: 13/13
  8018 | Orc:1    | You fall into a shaft and drop 1 floor!
  8018 | Orc:2    | Entered Level 2 of the Orcish Mines
  8296 | Orc:2    | Found a staircase to the Elven Halls.
  8300 | Orc:2    | Noticed Saint Roka
  8330 | Orc:2    | Mangled by Saint Roka

Illustrated notes

Levels and vault maps discovered:
D:1:      sevenhm_arrival_forest_fort_small_6, layout_basic
D:2:      layout_loops_ring, basic_altar
D:3:      layout_loops_ring
D:4:      layout_basic, serial_shops, nicolae_book_shop_shelving
D:5:      kennysheep_steamy, layout_basic, cheibrodos_sewer_entry_sluice,
          minmay_between
D:6:      layout_basic, nicolae_ru_path_of_blood,
          pdpol_wu_jian_five_deadly_venoms, temple_green
D:7:      layout_cave_pools, slow_altar_1, yredelemnul_altar_generic
D:8:      minmay_curly_fans, layout_cave_pools, mainiacjoe_overflow_alcove_2,
          kennysheep_little_box
D:9:      layout_cave_pools, tso_oasis_becter, lemuel_blue_sif_altar, erik_orc_2
Temple:   grunt_temple_mini_profane
Orc:1:    layout_caves, basic_altar, nicolae_orc_stony_grotto, elf_legates,
          uniq_nergalle, uniq_jorgrun
Orc:2:    pf_orc_diabolical, layout_caves, uniq_saint_roka

Skill      XL: |  1  2  3  4  5  6  7  8  9 10 |
---------------+-------------------------------+-----
Dodging        | 3 4 |  4.7
Axes           | 3 4 5 6 7 8 10 12 | 12.1
Armour         | 1 2 3 4 5 6 |  6.3
Fighting       | 3 4 5 6 |  6.5
Throwing       | 2 3 |  3.5
Invocations    | 3 |  3.3
Evocations     | |  0.4

Action                     |  1- 3 |  4- 6 |  7- 9 | 10-12 || total
---------------------------+-------+-------+-------+-------++-------
  Melee: War axe           |   118 |    30 |       |       ||   148
         Punch             |     2 |     2 |       |       ||     4
         Battleaxe         |       |    87 |   262 |   188 ||   537
  Throw: Throwing net      |       |     1 |       |       ||     1
         Dart              |       |       |     9 |    11 ||    20
 Invoke: Heroism           |       |       |     1 |     1 ||     2
  Evoke: Wand              |       |       |       |     9 ||     9
    Use: Scroll            |       |       |     2 |    19 ||    21
         Potion            |       |       |       |     7 ||     7
   Stab: Held in net/web   |       |     1 |       |       ||     1
         Sleeping          |       |       |     5 |       ||     5
 Armour: Leather armour    |    41 |       |       |       ||    41
         Ring mail         |    37 |    57 |    64 |       ||   158
         Scale mail        |       |       |   127 |   141 ||   268
  Dodge: Dodged            |    75 |   101 |   273 |   191 ||   640

Table legend: (Time is in decaauts)
 A = Elapsed time spent in this place.
 B = Non-inter-level travel time spent in this place.
 C = Inter-level travel time spent in this place.
 D = Time resting spent in this place.
 E = Time spent auto-exploring this place.
 F = Levels seen in this place.
 G = Mean time per level.
                   A        B        C        D        E       F      G
               +--------+--------+--------+--------+--------+-----+--------+
         Total |   8524 |   8006 |    518 |   1695 |   4068 |  13 |  655.7 |
       Dungeon |   7844 |   7405 |    439 |   1481 |   3977 |   9 |  871.6 |
        Temple |    200 |    121 |     79 |      0 |      0 |   1 |  200.0 |
  Orcish Mines |    339 |    339 |      0 |    204 |     10 |   2 |  169.5 |
         Sewer |    139 |    139 |      0 |     10 |     80 |   1 |  139.0 |
               +--------+--------+--------+--------+--------+-----+--------+

Top non-repeatable levels by time:
     D:5: 1215 daAuts
     D:7: 956 daAuts
     D:9: 936 daAuts
     D:3: 862 daAuts
     D:8: 820 daAuts
     D:1: 816 daAuts
     D:6: 806 daAuts
     D:4: 765 daAuts
     D:2: 666 daAuts
   Orc:2: 311 daAuts
  Temple: 200 daAuts
   Sewer: 139 daAuts
   Orc:1: 27 daAuts
